 Dungeon Crawl Stone Soup version 0.23.2-11-gf996548c65 (webtiles) character file.

Game seed: 13990108617944079400

397 Nattfarinn the Poker (level 6, -19/56 HPs)
             Began as a Minotaur Fighter on June 5, 2019.
             Was an Initiate of Okawaru.
             Demolished by a two-headed ogre
             ... wielding a +0 giant club
              (23 damage)
             ... on level 5 of the Dungeon.
             The game lasted 00:06:03 (3234 turns).

Nattfarinn the Poker (Minotaur Fighter)             Turns: 3234, Time: 00:06:04

Health: -19/56     AC: 10    Str: 20    XL:     6   Next: 53%
Magic:  14/14      EV:  7    Int:  5    God:    Okawaru [......]
Gold:   273        SH: 10    Dex: 12    Spells: 5/5 levels left

rFire    . . .     SeeInvis .   q - +0 spear (pierce)
rCold    . . .     Gourm    .   c - +0 shield
rNeg     . . .     Faith    .   b - +3 scale mail
rPois    .         Spirit   .   (helmet restricted)
rElec    .         Reflect  .   (no cloak)
rCorr    .         Harm     .   (no gloves)
MR       +....                  (no boots)
Stlth    ..........             k - amulet of rage
HPRegen  0.18/turn              j - ring of magical power
MPRegen  0.14/turn              p - ring of protection from magic

@: no status effects
A: retaliatory headbutt, horns 2
a: Renounce Religion, Evoke Berserk Rage


You were on level 5 of the Dungeon.
You worshipped Okawaru.
Okawaru was noncommittal.
You were hungry.

You visited 1 branch of the dungeon, and saw 5 of its levels.

You collected 273 gold pieces.

Inventory:

Hand Weapons
 a - a +0 trident
 q - a +0 spear of piercing (weapon)
Armour
 b - a +3 scale mail (worn)
 c - a +0 shield (worn)
Jewellery
 j - a ring of magical power (left hand)
 k - an amulet of rage (around neck)
 p - a ring of protection from magic (right hand)
Wands
 y - a wand of clouds (4)
Scrolls
 e - 2 scrolls of teleportation
 h - a scroll of fear
 i - a scroll of amnesia {unknown}
 m - 2 scrolls of identify
 w - a scroll of fog {unknown}
 x - a scroll of magic mapping {unknown}
Potions
 d - a potion of might
 l - a potion of lignification {unknown}
 n - a potion of heal wounds {unknown}
 o - a potion of resistance {unknown}
 r - a potion of flight {unknown}
 s - 2 potions of brilliance {unknown}
 t - a potion of mutation {unknown}
 u - 2 potions of curing {unknown}
 v - a potion of agility {unknown}
Comestibles
 f - 9 rations


   Skills:
 + Level 5.2 Fighting
 * Level 5.6 Polearms
 + Level 5.1 Armour
 + Level 5.1 Shields


You had 5 spell levels left.
You didn't know any spells.
Your spell library contained the following spells:

 Spells                   Type           Power        Failure   Level  Hunger
 Magic Dart               Conj           #...         99%         1    ##.....
 Blink                    Tloc           N/A          100%        2    ###....
 Call Imp                 Summ           #.......     100%        2    ###....
 Slow                     Hex            #.......     100%        2    ###....
 Conjure Flame            Conj/Fire      #.......     100%        3    ####...
 Mephitic Cloud           Conj/Pois/Air  #.......     100%        3    ####...


Dungeon Overview and Level Annotations

Branches:
Dungeon (5/15)             Temple (0/1) D:4

Altars:
Elyvilon
Makhleb
Nemelex Xobeh
Okawaru
Vehumet
Zin

Annotations:
D:5 exclusion: statue


Innate Abilities, Weirdness & Mutations

You reflexively headbutt those who attack you in melee.
You have a pair of horns on your head.


Message History

The two-headed ogre hits you with a +0 giant club!
The two-headed ogre closely misses you.
You hit the two-headed ogre.
The two-headed ogre is moderately wounded.
The two-headed ogre hits you with a +0 giant club!!
You block the two-headed ogre's attack.
You hit the two-headed ogre but do no damage.
You headbutt the two-headed ogre.
The two-headed ogre is moderately wounded.
You hit the two-headed ogre but do no damage.
The two-headed ogre is moderately wounded.
You block the two-headed ogre's attack.
The two-headed ogre hits you with a +0 giant club!
* * * LOW HITPOINT WARNING * * *
You barely miss the two-headed ogre.
The two-headed ogre is moderately wounded.
The two-headed ogre hits you with a +0 giant club!
* * * LOW HITPOINT WARNING * * *
The two-headed ogre hits you with a +0 giant club!!
You die...

######## .## # #####......#
.. # #..........# .# #
#.#.....#..# ##. #
#..........# #.###
####.#.⌠.⌠.#..###...## ##
....?........o5O@....###.#
.....#.....#..O##........#
..##...._....#####..#....##
#..(.#.....#.# ##.......#
##.#.........# #.......#
#..#.#.⌠.⌠.#.# ##......##
####........... #.......#
##.#.....#......##..<....#
#......... ####..........#


You could see a two-headed ogre, an ogre, a quasit and an orc.

Vanquished Creatures
  3 hounds (D:4)
  Terence (D:3)
  2 worker ants (D:5)
  A howler monkey skeleton (D:4)
  7 adders
  5 gnolls
  An ooze (D:3)
  2 worms
  2 dart slugs
  2 leopard geckos (D:2)
  6 orcs (D:3)
  A ball python (D:1)
  5 giant cockroaches
  8 goblins
  8 hobgoblins
  12 jackals
  6 kobolds
  3 quokkas
  11 bats
  6 frilled lizards
  8 rats
100 creatures vanquished.

Notes
Turn   | Place    | Note
-------+----------+-------------------------------------------
     0 | D:1      | Nattfarinn the Minotaur Fighter began the quest for the
                  | Orb.
     0 | D:1      | Reached XP level 1. HP: 19/19 MP: 0/0
    61 | D:1      | Reached XP level 2. HP: 26/27 MP: 1/1
   355 | D:1      | Reached XP level 3. HP: 33/33 MP: 2/2
  1089 | D:2      | Reached XP level 4. HP: 38/40 MP: 3/3
  1103 | D:2      | HP: 3/61 [gnoll/+0 spear of piercing (4)]
  1103 | D:2      | HP: 1/61 [gnoll/+0 spear of piercing (2)]
  1618 | D:2      | Found a sparkling altar of Nemelex Xobeh.
  1808 | D:3      | Found an iron altar of Okawaru.
  1837 | D:3      | Became a worshipper of Warmaster Okawaru
  1873 | D:3      | Reached XP level 5. HP: 44/47 MP: 4/4
  2242 | D:3      | Noticed Terence
  2254 | D:3      | Killed Terence
  2349 | D:4      | Found a burning altar of Makhleb.
  2368 | D:4      | Reached skill level 5 in Polearms
  2369 | D:4      | Reached XP level 6. HP: 51/55 MP: 5/5
  2439 | D:4      | Reached skill level 5 in Fighting
  2463 | D:4      | Found a glowing silver altar of Zin.
  2648 | D:4      | Reached skill level 5 in Armour
  2648 | D:4      | Reached skill level 5 in Shields
  2657 | D:4      | Found a staircase to the Ecumenical Temple.
  2733 | D:5      | Entered Level 5 of the Dungeon
  2768 | D:5      | Found a radiant altar of Vehumet.
  2849 | D:5      | Noticed a two-headed ogre
  2861 | D:5      | Found a white marble altar of Elyvilon.
  3234 | D:5      | Demolished by a two-headed ogre

Skill      XL: |  1  2  3  4  5  6 |
---------------+-------------------+-----
Polearms       | 3 4 5 |  5.6
Armour         | 4 5 |  5.1
Shields        | 4 5 |  5.1
Fighting       | 4 5 |  5.2

Action                   |  1- 3 |  4- 6 || total
-------------------------+-------+-------++-------
Melee: Trident           |   113 |    17 ||   130
       Headbutt          |     9 |    24 ||    33
       Spear             |       |   177 ||   177
  Use: Potion            |       |     1 ||     1
       Scroll            |       |     5 ||     5
  Eat: Chunk             |     1 |     6 ||     7
Armor: Scale mail        |    26 |    65 ||    91
Dodge: Dodged            |    24 |    37 ||    61
Block: Shield            |    50 |    84 ||   134
